 Dungeon Crawl Stone Soup version 0.24.0-37-gcf1ca852f1 (webtiles) character file.

Game seed: 6977052721043978912, levelgen mode: deterministic

35 Delarado the Chucker (level 3, -4/33 HPs)
             Began as a Troll Hunter on Nov 27, 2019.
             Slain by an adder (5 damage)
             ... on level 2 of the Dungeon.
             The game lasted 00:02:23 (479 turns).

Delarado the Chucker (Troll Hunter)                  Turns: 479, Time: 00:02:23

Health: -4/33      AC:  6    Str: 21    XL:     3   Next: 17%
Magic:  2/2        EV: 10    Int:  7    God:
Gold:   56         SH:  0    Dex: 10    Spells: 2/2 levels left

rFire    . . .     SeeInvis .   (no weapon)
rCold    . . .     Gourm    +   (no shield)
rNeg     . . .     Faith    .   b - +0 robe
rPois    .         Spirit   .   (helmet restricted)
rElec    .         Reflect  .   (no cloak)
rCorr    .         Harm     .   (gloves unavailable)
MR       .....                  (boots unavailable)
Stlth    +.........             (no amulet)
HPRegen  0.51/turn              (no ring)
MPRegen  0.08/turn              (no ring)

@: lethally poisoned (-4 -> -5)
A: large, unfitting armour, claws 3, fast metabolism 3, gourmand, regeneration
1, shaggy fur 1, tough skin 3
a: no special abilities


You were on level 2 of the Dungeon.
You were very full.

You visited 1 branch of the dungeon, and saw 2 of its levels.

You collected 56 gold pieces.

Inventory:

Hand Weapons
 a - a +0 short sword
Missiles
 d - a throwing net (quivered)
 i - 48 stones
Armour
 b - a +0 robe (worn)
Scrolls
 e - 3 scrolls of identify {unknown}
Potions
 g - a potion of flight {unknown}
 h - a potion of agility {unknown}
 j - a potion of invisibility {unknown}
Comestibles
 f - 5 rations


   Skills:
 - Level 1.5 Fighting
 + Level 4.6 Throwing
 - Level 1.5 Dodging
 - Level 0.3 Stealth


You had 2 spell levels left.
You didn't know any spells.
Your spell library was empty.

Dungeon Overview and Level Annotations

Branches:
Dungeon (2/15)

Altars:


Innate Abilities, Weirdness & Mutations

You are too large for most types of armour.
You have claws for hands.
Your metabolism is lightning-fast.
You like to eat raw meat.
Your natural rate of healing is unusually fast.
You are covered in fur. (AC +1)
You have extremely tough skin. (AC +3)


Message History

The bat hits you but does no damage. The adder bites you but does no damage.
You closely miss the adder. The bat hits you but does no damage.
The adder barely misses you. The bat hits you but does no damage.
You closely miss the adder. The bat closely misses you.
The adder closely misses you. The adder barely misses you.
You miss the adder. The bat closely misses you. The bat hits you.
* * * LOW HITPOINT WARNING * * *
The adder bites you but does no damage.
You barely miss the adder. The bat hits you but does no damage.
The adder bites you.
* * * LOW HITPOINT WARNING * * *
You are poisoned.
The adder poisons you!
You closely miss the adder.
You feel sick. The bat hits you but does no damage.
The adder bites you but does no damage.
You closely miss the adder. The adder barely misses you.
The hobgoblin hits you with a +0 club.
* * * LOW HITPOINT WARNING * * *
The adder bites you.
You die...

###### ###########
#....# #...#..(..#
#.##.###...#.....#
#.#...##...#(....#
#........(g@S...(#
###..........#b......
####............$......#
<..†.........####.......
............## .##....
................... ....
.............####.## ...
.............# )# .#
....?........#


You could see an adder, a hobgoblin and a bat.

Vanquished Creatures
  2 worms (D:2)
  2 dart slugs (D:1)
  A giant cockroach (D:2)
  3 goblins
  4 hobgoblins (D:1)
  2 ball pythons (D:1)
  3 bats (D:1)
  4 kobolds
  6 rats
27 creatures vanquished.

Notes
Turn   | Place    | Note
-------+----------+-------------------------------------------
     0 | D:1      | Delarado the Troll Hunter began the quest for the Orb.
     0 | D:1      | Reached XP level 1. HP: 19/19 MP: 0/0
    38 | D:1      | Reached skill level 4 in Throwing
    41 | D:1      | Reached XP level 2. HP: 27/27 MP: 1/1
   435 | D:2      | Reached XP level 3. HP: 33/33 MP: 2/2
   468 | D:2      | HP: 1/33 [goblin/+0 dagger (5)]
   479 | D:2      | HP: 1/33 [hobgoblin/+0 club (3)]
   479 | D:2      | Slain by an adder

Levels and vault maps discovered:
D:1:      erik_arrival_blinker_ship, layout_rooms
D:2:      layout_rooms, minmay_snake_closets

Skill      XL: |  1 |
---------------+----+-----
Throwing       | 4 |  4.6
Fighting       | |  1.5
Dodging        | |  1.5
Stealth        | |  0.3

Action                   || total
-------------------------++-------
Melee: Unarmed           ||    75
Throw: Large rock        ||     7
       Throwing net      ||     1
 Stab: Sleeping          ||     1
  Eat: Chunk             ||     8
Armor: Robe              ||    48
Dodge: Dodged            ||    62
